 Dungeon Crawl Stone Soup version 0.30-a0-718-geaa24f58ff (webtiles) character file.

Game seed: 11787201965823719761

406 bobo the Trooper (level 6, -3/85 HPs)
             Began as a Hill Orc Fighter on Jan 25, 2023.
             Slain by a gnoll
             ... wielding a +0 spear
              (7 damage)
             ... on level 3 of the Dungeon.
             The game lasted 00:05:24 (1764 turns).

bobo the Trooper (Hill Orc Fighter)                 Turns: 1764, Time: 00:05:25

Health: -3/85      AC: 23    Str: 21    XL:     6   Next: 87%
Magic:  6/6        EV:  2    Int:  8    God:
Gold:   196        SH:  5    Dex: 10    Spells: 5/5 levels left

rFire   . . .      SeeInvis .    a - +0 war axe
rCold   . . .      Faith    .    c - +0 buckler
rNeg    . . .      Spirit   .    (body armour currently unavailable)
rPois   +          Reflect  .    (helmet currently unavailable)
rElec   .          Harm     .    (cloak currently unavailable)
rCorr   .          Rampage  .    (gloves currently unavailable)
Will    .....      NoTele   +    (boots currently unavailable)
Stlth   +                        (no amulet)
HPRegen 0.34/turn                (no ring)
MPRegen 0.10/turn                (no ring)

@: tree-form
A: stationary, stasis, torment immunity, boosted hp
a: no special abilities


You were on level 3 of the Dungeon.
You were a tree.
You visited 1 branch of the dungeon, and saw 3 of its levels.

You collected 196 gold pieces.

Inventory:

Hand Weapons
 a - a +0 war axe (weapon)
Armour
 b - a +0 cloak (melded)
 c - a +0 buckler (worn)
 g - a +0 chain mail (melded)
 p - a +0 plate armour
 r - a +0 pair of gloves (melded)
Scrolls
 d - a scroll of amnesia
 o - a scroll of teleportation {unknown}
 s - a scroll of blinking
Potions
 e - a potion of heal wounds {unknown}
 f - a potion of resistance {unknown}
 h - a potion of degeneration {unknown}
 j - 2 potions of brilliance
 k - a potion of lignification
 n - a potion of curing {unknown}
 q - 2 potions of haste {unknown}


   Skills:
 + Level 6.0 Fighting
 + Level 5.8 Axes
 - Level 3.2 Armour
 + Level 5.4 Shields


You had 5 spell levels left.
You didn't know any spells.
Your spell library was empty.

Dungeon Overview and Level Annotations

Branches:
Dungeon (3/15)

Altars:
Yredelemnul

Annotations:
D:3 1 runed translucent door


Message History

A magic dart appears from out of thin air!
The magic dart hits you but does no damage.
Nothing quivered!
Okay, then.
You are confused.
You are a tree.
Your movement speed is average.
Your attack delay is about 1.2.
Your damage rating with your +0 war axe is about 17 (Base 11 x 127% (Str) x 121% (Skill)).
You cannot move. (Use ctrl+direction or * direction to attack while stationary and confused.)
You hit something. You closely miss the gnoll.
The gnoll hits you with a +1 flail of protection.
* * * LOW HITPOINT WARNING * * *
The gnoll hits you but does no damage. Something hits you but does no damage.
The gnoll hits you from afar with a +0 spear.
* * * LOW HITPOINT WARNING * * *
The gnoll hits you but does no damage.
You hit the gnoll but do no damage. You barely miss something.
Something hits you.
* * * LOW HITPOINT WARNING * * *
The gnoll hits you but does no damage. x2
You nearly hit yourself!
Something hits you but does no damage.
The gnoll hits you with a +1 flail of protection!
* * * LOW HITPOINT WARNING * * *
The gnoll hits you but does no damage.
You barely miss the gnoll. You hit something.
Reactivating autopickup.
You feel a bit more experienced.
You feel less confused.
The gnoll hits you but does no damage. x2
Your Fighting skill increases to level 6!
As you read the scroll labelled DUOTYEK DUTHRISCH, it crumbles to dust.
You feel aware of your surroundings.
You sensed 1 altar.
It was a scroll of magic mapping.
The gnoll hits you but does no damage.
The gnoll hits you from afar with a +0 spear!
You die...

~~~~~~~~~~~...o≈≈≈≈~≈≈~~~~~*****~
≈≈≈≈≈≈≈≈≈≈~...g~≈≈≈≈≈≈≈≈≈~~~~~~~~
~~)≈~≈~~~~~..÷o~~)≈~~~~~~~~~~~~~~
..†.........÷)...).......,,,,,,,,
############..###)#.##.##********
####** **#.## #o#[#*,* ...,,***
*...# #g#,#*,*
.###,,,###.######g#.##,*
...#**..........♣)...#,* ...#
*#.....#####.#.##,* ...#*##...,.#
#.#.#*,* .....,[..*#.#####.#,.*,*
...##*#.##.....#...,.#,* ...#
#.#..........,,.,*
...####.............,..*
...##...............,,,*
...#..##............,,,*


You could see 2 gnolls and an orc.

Vanquished Creatures
  Sigmund (D:2)
  A hound (D:2)
  2 orc wizards (D:3)
  6 gnolls (D:3)
  3 adders (D:2)
  2 dart slugs
  10 orcs (D:3)
  5 endoplasms
  A giant cockroach (D:2)
  3 goblins
  2 hobgoblins
  4 jackals (D:3)
  6 kobolds
  A quokka (D:1)
  4 ball pythons
  2 bats
  A frilled lizard (D:2)
  2 kobold zombies (D:3)
  5 rats (D:2)
61 creatures vanquished.

Notes
Turn   | Place    | Note
-------+----------+-------------------------------------------
     0 | D:1      | bobo the Hill Orc Fighter began the quest for the Orb.
     0 | D:1      | Reached XP level 1. HP: 19/19 MP: 1/1
   443 | D:1      | Reached XP level 2. HP: 27/27 MP: 2/2
   668 | D:2      | Reached skill level 4 in Fighting
   698 | D:2      | Reached XP level 3. HP: 33/33 MP: 3/3
   761 | D:2      | Reached XP level 4. HP: 26/41 MP: 4/4
   838 | D:2      | Noticed Sigmund
   858 | D:2      | Killed Sigmund
   859 | D:2      | Reached skill level 5 in Fighting
   859 | D:2      | Reached skill level 5 in Axes
   859 | D:2      | Reached XP level 5. HP: 25/48 MP: 5/5
   859 | D:2      | Reached XP level 6. HP: 29/56 MP: 6/6
  1119 | D:2      | Reached skill level 5 in Shields
  1287 | D:3      | Found a runed translucent door.
  1287 | D:3      | Noticed a human
  1291 | D:3      | Found a basalt altar of Yredelemnul.
  1762 | D:3      | HP: 3/85 [gnoll/+1 flail of protection (7)]
  1764 | D:3      | Reached skill level 6 in Fighting
  1764 | D:3      | Slain by a gnoll

Illustrated notes

Levels and vault maps discovered:
D:1:      giann_wishing_wells, layout_basic
D:2:      layout_rooms, chequers_garden, uniq_sigmund
D:3:      lemuel_castle_with_subvaults [lemuel_castle_interior_carwin_3],
          layout_rooms, dk_yredelemnul_ordeal,
          nicolae_ru_great_annihilating_truth

Skill      XL: |  1  2  3  4  5  6 |
---------------+-------------------+-----
Axes           | 3 5 |  5.8
Fighting       | 4 5 6 |  6.0
Shields        | 4 5 |  5.4
Armour         | |  3.2

Action                     |  1- 3 |  4- 6 || total
---------------------------+-------+-------++-------
  Melee: War axe           |    42 |   105 ||   147
    Use: Potion            |       |     2 ||     2
         Scroll            |       |     5 ||     5
 Armour: Chain mail        |    32 |    68 ||   100
         Scale mail        |     2 |       ||     2
         Skin              |       |    12 ||    12
  Dodge: Dodged            |    15 |    45 ||    60
  Block: Buckler           |     6 |    36 ||    42

Table legend: (Time is in decaauts)
 A = Elapsed time spent in this place.
 B = Non-inter-level travel time spent in this place.
 C = Inter-level travel time spent in this place.
 D = Time resting spent in this place.
 E = Time spent auto-exploring this place.
 F = Levels seen in this place.
 G = Mean time per level.
                   A        B        C        D        E       F      G
               +--------+--------+--------+--------+--------+-----+--------+
         Total |   1810 |   1753 |     57 |      0 |   1300 |   3 |  603.3 |
       Dungeon |   1810 |   1753 |     57 |      0 |   1300 |   3 |  603.3 |
               +--------+--------+--------+--------+--------+-----+--------+

Top non-repeatable levels by time:
     D:1: 664 daAuts
     D:2: 630 daAuts
     D:3: 515 daAuts
